 Dungeon Crawl Stone Soup version 0.29-a0-577-gafbf2c5d25 (webtiles) character file.

Game seed: 4523144972838390367

167 xian the Sneak (level 5, -5/46 HPs)
             Began as a Gargoyle Brigand on June 13, 2022.
             Slain by a river rat (7 damage)
             ... summoned by Eustachio
             ... on level 4 of the Dungeon.
             The game lasted 00:12:16 (3134 turns).

xian the Sneak (Gargoyle Brigand)                   Turns: 3134, Time: 00:12:17

Health: -5/46      AC: 22    Str: 16    XL:     5   Next: 48%
Magic:  5/5        EV:  2    Int: 12    God:
Gold:   165        SH:  0    Dex: 11    Spells: 4/4 levels left

rFire   + . .      SeeInvis .   i - +2 dagger (elec)
rCold   x . .      Faith    .   (no shield)
rNeg    + . .      Spirit   .   (body armour currently unavailable)
rPois   ∞          Reflect  .   (helmet currently unavailable)
rElec   .          Harm     .   (cloak currently unavailable)
rCorr   .          Rampage  .   (gloves currently unavailable)
Will    .....      NoTele   +   (boots currently unavailable)
Stlth   +++.......              (no amulet)
HPRegen 0.15/turn               t - ring of fire
MPRegen 0.09/turn               (no ring)

@: brilliant, tree-form
A: stationary, stasis, torment immunity, boosted hp, sickness immunity, AC +4,
negative energy resistance 1, (electricity resistance), torment resistance 1,
petrification resistance
a: no special abilities


You were on level 4 of the Dungeon.
You were a tree.
You visited 1 branch of the dungeon, and saw 4 of its levels.

You collected 165 gold pieces.

Inventory:

Hand Weapons
 i - a +2 dagger of electrocution (weapon)
Missiles
 d - 8 poisoned darts (quivered)
 e - 3 curare-tipped darts
Armour
 c - a +0 cloak
 g - a +0 leather armour (melded)
 l - a +0 cloak (melded)
Jewellery
 t - a ring of fire (left branch)
Wands
 p - a wand of iceblast (8)
Scrolls
 a - 2 scrolls of magic mapping
 f - 3 scrolls of enchant armour
Potions
 b - 2 potions of mutation
 j - a potion of curing
 k - a potion of attraction


   Skills:
 + Level 2.4 Fighting
 + Level 2.4 Short Blades
 + Level 2.8 Throwing
 + Level 1.6 Armour
 + Level 1.3 Dodging
 + Level 5.7 Stealth


You had 4 spell levels left.
You didn't know any spells.
Your spell library contained the following spells:

 Spells                   Type           Power      Damage    Failure   Level
 Wereblood                Tmut           0%         N/A       45%         2
 Summon Hydra             Summ           0%         N/A       100%        7
 Sublimation of Blood     Necr           Unusable   N/A       N/A         2

Dungeon Overview and Level Annotations

Branches:
Dungeon (4/15)
 Temple: D:4-7

Altars:
Ashenzari
Nemelex Xobeh

Shops:
D:1 =

Annotations:
D:4 Eustachio


Innate Abilities, Weirdness & Mutations

You are a tree.
Your roots penetrate the ground, keeping you stationary.
You cannot be teleported.
You are immune to unholy pain and torment.
Your maximum health is greatly increased.
Your equipment is partially melded.
You are immune to sickness and miasma.
((Your stone body is resilient. (AC +4)))
You are immune to poison.
You resist negative energy. (rN+)
((You are resistant to electric shocks. (rElec)))
You are resistant to unholy torment.
You are immune to petrification.


Message History

The adder bites you but does no damage.
The river rat bites you but does no damage.
The white imp hits you but does no damage.
The orc hits you but does no damage. The adder bites you but does no damage.
As you read the scroll labelled TACSET ESEOGA, it crumbles to dust.
The creatures around you are filled with an inner flame!
It was a scroll of immolation.
The river rat bites you but does no damage.
The white imp completely misses you. The adder bites you but does no damage.
The orc hits you but does no damage.
Unknown command.
You feel better. The river rat bites you!
* * * LOW HITPOINT WARNING * * *
The white imp hits you but does no damage.
The adder bites you but does no damage. The orc hits you but does no damage.
It was a potion of flight.
Your roots keep you in place.
The adder bites you but does no damage.
The river rat bites you but does no damage.
The white imp gestures at you.
The puff of frost hits you but does no damage.
The orc hits you but does no damage.
You cannot move.
You cannot move.
As you read the scroll labelled ULYNLUDGHU, it crumbles to dust.
You feel a strange sense of stasis.
It was a scroll of teleportation.
The white imp disappears in a puff of smoke!
The bat hits you but does no damage. The adder bites you but does no damage.
The river rat bites you but does no damage.
The adder bites you but does no damage. The orc hits you but does no damage.
There are monsters nearby!
The bat hits you but does no damage. The bat completely misses you.
The river rat bites you.
* * * LOW HITPOINT WARNING * * *
The adder bites you but does no damage. The orc hits you but does no damage.
The bat hits you but does no damage. x2
The river rat bites you but does no damage.
The adder bites you but does no damage. The orc completely misses you.
The bat hits you but does no damage. x2; The adder barely misses you.
The river rat bites you!
You die...

#.#.# ##.#
######.#.#.#.#......#
.........#.#.#..#...#
.........#.#.#..#...#
.........#.#.#..#...#
.........#.#.#..#...#
....)...)#.#.#..#br(####
######)#.#...#.S#rS@....
#.#.#......♣b#
###.#.#.###.o###
#.....#.#....#
#.#.###.#....#
#+##.#.....#....#
.....#######.<..#
.....'..........# .
.....#######..... .
.....# .


You could see Eustachio, 2 adders, a river rat (summoned, inner flame), an orc
(inner flame), 2 bats and a rat (summoned, inner flame).

Vanquished Creatures
  An iguana (D:4)
  3 adders
  An ufetubus (D:4)
  5 worms
  A dart slug (D:3)
  4 orcs (D:4)
  5 endoplasms
  6 giant cockroaches
  5 goblins
  11 hobgoblins
  4 jackals (D:4)
  7 kobolds
  A quokka (D:3)
  13 ball pythons
  9 bats
  2 frilled lizards
  9 rats
87 creatures vanquished.

Notes
Turn   | Place    | Note
-------+----------+-------------------------------------------
     0 | D:1      | xian the Gargoyle Brigand began the quest for the Orb.
     0 | D:1      | Reached XP level 1. HP: 12/12 MP: 1/1
   335 | D:1      | Reached skill level 1 in Dodging
   345 | D:1      | Reached XP level 2. HP: 15/17 MP: 2/2
   523 | D:1      | Found a faded altar of an unknown god.
   528 | D:1      | Reached skill level 5 in Stealth
   813 | D:1      | Found Etoxtu's Jewellery Shoppe.
  1036 | D:1      | Reached XP level 3. HP: 21/21 MP: 3/3
  1037 | D:1      | Found a sparkling altar of Nemelex Xobeh.
  1736 | D:2      | Reached XP level 4. HP: 26/26 MP: 4/4
  1873 | D:2      | You fall into a shaft and drop 1 floor!
  2010 | D:2      | Reached skill level 1 in Armour
  2222 | D:3      | Found a broken altar of Ashenzari.
  2562 | D:3      | Reached XP level 5. HP: 31/31 MP: 5/5
  3109 | D:4      | Noticed Eustachio
  3132 | D:4      | HP: 1/46 [river rat[Eustachio] (5)]
  3134 | D:4      | Slain by a river rat

Illustrated notes

Levels and vault maps discovered:
D:1:      minmay_arrival_loop, layout_basic,
          hellmonk_ecumenical_altar_pennies_from_heaven, serial_shops, shop,
          nrook_uturn, minmay_hexomino_r4
D:2:      layout_loops_cross, minmay_quadrilaterals
D:3:      layout_loops_ring, evilmike_ruin_ashenzari
D:4:      layout_basic, nemelex_spade_bored_becter,
          beargit_hepliaklqana_dungeon_heroes, uniq_natasha, uniq_eustachio,
          uniq_blork_the_orc

Skill      XL: |  1  2  3  4 |
---------------+-------------+-----
Dodging        | 1 |  1.3
Stealth        | 5 |  5.7
Throwing       | 2 |  2.8
Short Blades   | 2 |  2.4
Armour         | 1 |  1.6
Fighting       | |  2.4

Action                   |  1- 3 |  4- 6 || total
-------------------------+-------+-------++-------
Melee: Dagger            |    95 |   105 ||   200
       Punch             |     1 |     2 ||     3
Throw: Dart              |    43 |    12 ||    55
Evoke: Wand              |       |     1 ||     1
  Use: Scroll            |     6 |     3 ||     9
       Potion            |       |     5 ||     5
 Stab: Sleeping          |     4 |    12 ||    16
Armor: Leather armour    |    35 |    47 ||    82
       Skin              |       |    46 ||    46
Dodge: Dodged            |    48 |    71 ||   119

Table legend: (Time is in decaauts)
 A = Elapsed time spent in this place.
 B = Non-inter-level travel time spent in this place.
 C = Inter-level travel time spent in this place.
 D = Time resting spent in this place.
 E = Time spent auto-exploring this place.
 F = Levels seen in this place.
 G = Mean time per level.
                   A        B        C        D        E       F      G
               +--------+--------+--------+--------+--------+-----+--------+
         Total |   3109 |   3058 |     51 |      0 |   2141 |   4 |  777.2 |
       Dungeon |   3109 |   3058 |     51 |      0 |   2141 |   4 |  777.2 |
               +--------+--------+--------+--------+--------+-----+--------+

Top non-repeatable levels by time:
     D:1: 1237 daAuts
     D:2: 853 daAuts
     D:3: 642 daAuts
     D:4: 375 daAuts
